 Dungeon Crawl Stone Soup version 0.31-a0-1093-gadecf4124d (webtiles) character file.

Game seed: 1915509649177543790

323 Azuregosa the Trooper (level 6, -5/56 HPs)
             Began as a Minotaur Berserker on Nov 29, 2023.
             Was a Believer of Trog.
             Slain by Pikel
             ... wielding a +0 whip of freezing
              (7 damage)
             ... on level 4 of the Dungeon.
             The game lasted 00:10:00 (3129 turns).

Azuregosa the Trooper (Minotaur Berserker)          Turns: 3129, Time: 00:10:01

Health: -5/56      AC:  7    Str: 23    XL:     6   Next: 23%
Magic:  5/5        EV: 12    Int:  4    God:    Trog [**....]
Gold:   157        SH:  0    Dex: 10    Spells: 5/5 levels left

rFire   . . .        q - +0 hand axe
rCold   . . .        (no shield)
rNeg    . . .        j - +0 ring mail
rPois   .            (helmet restricted)
rElec   .            A - +0 cloak
rCorr   .            (no gloves)
SInv    +            (no boots)
Will    ++...        x - amulet of faith Stlth
                     B - ring of see invisible
HPRegen 1.29/turn    (no ring)
MPRegen 0.09/turn

%: faith
@: strong-willed (expiring), regenerating (expiring)
A: horns 2, retaliatory headbutt
a: Renounce Religion, Berserk, Trog's Hand


You were on level 4 of the Dungeon.
You worshipped Trog.
Trog was pleased with you.
You visited 1 branch of the dungeon, and saw 4 of its levels.

You collected 157 gold pieces.

Inventory:

Hand Weapons
 a - the +5 hammer "Bebuot" {flame, rN+}
   (You found it on level 3 of the Dungeon)

   rN+:       It protects you from negative energy.
 b - the +1 hammer of the Pyrrhic Victory {chaos, rElec Int+3}
   (You found it on level 3 of the Dungeon)

   Int+3:     It affects your intelligence (+3).
   rElec:     It insulates you from electricity.
 c - a +2 dagger of freezing
 f - a +3 dagger
 q - a +0 hand axe (weapon)
 u - a +0 morningstar
Missiles
 e - 29 stones
 C - 5 boomerangs
Armour
 j - a +0 ring mail (worn)
 A - a +0 cloak (worn)
Jewellery
 x - an amulet of faith (around neck)
 B - a ring of see invisible (left hand)
Scrolls
 d - 3 scrolls of identify {unknown}
 g - 2 scrolls of enchant weapon {unknown}
 h - a scroll of amnesia {unknown}
 i - a scroll of fog {unknown}
 k - 2 scrolls of enchant armour {unknown}
 p - a scroll of noise {unknown}
 s - a scroll of teleportation {unknown}
 y - a scroll of poison {unknown}
 z - a scroll of blinking {unknown}
Potions
 l - a potion of lignification {unknown}
 m - a potion of magic {unknown}
 n - a potion of invisibility {unknown}
 o - a potion of curing {unknown}
 r - a potion of attraction {unknown}
 t - 2 potions of degeneration {unknown}
 v - 2 potions of mutation {unknown}
 w - 2 potions of heal wounds {unknown}
 D - a potion of resistance {unknown}


   Skills:
 + Level 5.2 Fighting
 + Level 3.3(4.1) Axes
 - Level 3.6(4.3) Polearms
 + Level 4.5 Armour
 + Level 4.1 Dodging


You had 5 spell levels left.
You didn't know any spells.
Your spell library was empty.

Dungeon Overview and Level Annotations

Branches:
Dungeon (4/15)
 Temple: D:4-7

Altars:
Dithmenos

Shops:
D:3 =

Annotations:
D:4 2 runed translucent doors, Pikel; paps's ghost, weakling DsDe


Innate Abilities, Weirdness & Mutations

You have a pair of horns on your head.
You reflexively headbutt those who attack you in melee.


Message History

Pikel freezes you.
Pikel hits you with a +0 whip of freezing.
Pikel freezes you.
You hit Pikel but do no damage. You headbutt Pikel.
Pikel is heavily wounded.
Pikel hits you with a +0 whip of freezing.
Pikel freezes you.
You closely miss Pikel.
Pikel is heavily wounded.
Pikel hits you with a +0 whip of freezing!
Pikel freezes you.
* * * LOW HITPOINT WARNING * * *
You hit Pikel.
Pikel is heavily wounded.
Pikel hits you but does no damage.
You hit Pikel. You headbutt Pikel, but do no damage.
Pikel is heavily wounded.
Pikel hits you with a +0 whip of freezing.
* * * LOW HITPOINT WARNING * * *
Pikel freezes you.
* * * LOW HITPOINT WARNING * * *
You barely miss Pikel.
Pikel is heavily wounded.
You feel the effects of Trog's Hand fading.
Pikel hits you with a +0 whip of freezing.
* * * LOW HITPOINT WARNING * * *
Pikel freezes you.
* * * LOW HITPOINT WARNING * * *
You hit Pikel.
Pikel is heavily wounded.
Pikel hits you with a +0 whip of freezing!
* * * LOW HITPOINT WARNING * * *
Pikel freezes you.
* * * LOW HITPOINT WARNING * * *
Unknown command.
You hit Pikel. Your headbutt misses Pikel.
Pikel is severely wounded.
Pikel hits you with a +0 whip of freezing!
You die...
Pikel says, "Another soul for the market."

#.# ##.#._.#.## #.##
##.#...#.## #.....#
...# ##.#####.##
#..... ...#
##.......## #....#
...#
####'''######....###
...#
###.........+.....)#.
##.###
#.#####..##........
##...# #.#
##..#......# W#...#
#.# ##@#......#
.#...# #.# #K#......#
.+...# #.# #55####..#
.+...# #.# ##5..5...#
.#..##
#.#########.#5#.##
.#..# #.........#.#.#
.####
#########.#.#5..#
#### ######.#.#.###
...# #<........#.#


You could see Pikel and 3 lemures.

Vanquished Creatures
  An ogre (D:4)
  A scorpion (D:4)
  Crazy Yiuf (D:3)
  An orc priest (D:3)
  An orc wizard (D:3)
  3 adders
  A worm (D:3)
  6 orcs (D:3)
  11 ball pythons
  6 endoplasms
  4 giant cockroaches
  5 goblins
  5 hobgoblins
  4 jackals (D:1)
  5 kobolds (D:1)
  6 bats
  4 frilled lizards
  2 rats (D:2)
67 creatures vanquished.

Notes
Turn   | Place    | Note
-------+----------+-------------------------------------------
     0 | D:1      | Azuregosa the Minotaur Berserker began the quest for the
                  | Orb.
     0 | D:1      | Reached XP level 1. HP: 19/19 MP: 0/0
   111 | D:1      | Reached XP level 2. HP: 27/27 MP: 1/1
   293 | D:1      | Reached skill level 1 in Axes
   504 | D:1      | Reached skill level 4 in Fighting
  1032 | D:2      | Reached XP level 3. HP: 33/33 MP: 2/2
  1174 | D:2      | Reached ** piety under Trog
  1175 | D:2      | Found a faded altar of an unknown god.
  1748 | D:3      | Found Dijoidd's Jewellery Boutique.
  1838 | D:3      | Reached XP level 4. HP: 10/41 MP: 3/3
  2087 | D:3      | Found a runed translucent door.
  2088 | D:3      | Noticed Crazy Yiuf
  2108 | D:3      | Reached XP level 5. HP: 46/47 MP: 4/4
  2497 | D:3      | Killed Crazy Yiuf
  2509 | D:3      | Identified the +5 hammer "Bebuot" {flame, rN+}
  2511 | D:3      | Identified the +1 hammer of the Pyrrhic Victory {chaos,
                  | rElec Int+3}
  2651 | D:4      | Found a shadowy altar of Dithmenos.
  2691 | D:4      | Found a large runed translucent door.
  2691 | D:4      | Found a large runed translucent door.
  2693 | D:4      | Noticed paps's ghost (weakling DsDe)
  2781 | D:4      | Noticed an ogre
  2789 | D:4      | Killed an ogre
  2790 | D:4      | Reached skill level 5 in Fighting
  2790 | D:4      | Reached XP level 6. HP: 30/56 MP: 5/5
  3101 | D:4      | Noticed Pikel
  3128 | D:4      | HP: 1/56 [Pikel/+0 whip of freezing (2)]
  3129 | D:4      | Slain by Pikel

Illustrated notes

Levels and vault maps discovered:
D:1:      tekkud_arrival_beachfront_property, layout_basic, nicolae_hexahallways
D:2:      layout_basic, nicolae_ecumenical_snake_handling, serial_bayou_pond_c
D:3:      layout_basic, serial_shops, shop, minmay_misc_feat_square,
          uniq_crazy_yiuf_cottage
D:4:      cheibrodos_greedy_goblins, layout_basic, mainiacjoe_overflow_alcove_4,
          ebering_ghost_disaster_area, uniq_pikel

Skill      XL: |  1  2  3  4  5  6 |
---------------+-------------------+-----
Axes           | 1 2 3 |  3.3
Fighting       | 4 5 |  5.2
Armour         | 3 4 |  4.5
Dodging        | 3 4 |  4.1
Polearms       | |  3.6

Action                     |  1- 3 |  4- 6 || total
---------------------------+-------+-------++-------
  Melee: Spear             |    66 |       ||    66
         Headbutt          |    11 |    17 ||    28
         Punch             |     1 |       ||     1
         Hand axe          |    25 |    81 ||   106
 Invoke: Trog's Hand       |       |     2 ||     2
   Stab: Sleeping          |     1 |       ||     1
 Armour: Animal skin       |    18 |       ||    18
         Ring mail         |    38 |    48 ||    86
  Dodge: Dodged            |    54 |    30 ||    84

Table legend: (Time is in decaauts)
 A = Elapsed time spent in this place.
 B = Non-inter-level travel time spent in this place.
 C = Inter-level travel time spent in this place.
 D = Time resting spent in this place.
 E = Time spent auto-exploring this place.
 F = Levels seen in this place.
 G = Mean time per level.
                   A        B        C        D        E       F      G
               +--------+--------+--------+--------+--------+-----+--------+
         Total |   3142 |   3064 |     78 |    373 |   2059 |   4 |  785.5 |
       Dungeon |   3142 |   3064 |     78 |    373 |   2059 |   4 |  785.5 |
               +--------+--------+--------+--------+--------+-----+--------+

Top non-repeatable levels by time:
     D:1: 905 daAuts
     D:3: 904 daAuts
     D:2: 794 daAuts
     D:4: 539 daAuts
